Cogmind - Beta 15 @@@ ROGUE MODE // 2025.06.25 @ 20:25:34 Player: Zaros426 Result: Destroyed by SKR-2 with Compact Linear Accelerator Performance ------------- Evolutions (8) 4000 Regions Visited (27) 5400 Robots Destroyed (192) 960 Value Destroyed (6495) 6495 Prototype IDs (119) 2380 Alien Tech Used (5) 1000 Bonus (5396) 5396 TOTAL SCORE: 25631 Bonus ------- High Alert Combat Kills 30 Follower Combat Kills 558 Registered with UFD 300 Met Optimus in HQ 500 Met Data Miner 300 Met Zhirov 300 Met Warlord at Base 500 MAIN.C Attacked Warlord 500 Warlord Defense Kills 542 Hacked Protovariant 500 Met Sigix 2000 Friendly Fire -634 Cogmind --------- Core Integrity 0/1450 Matter 285/300 Energy 99/100 System Corruption 5% Temperature Cool (0) Movement Core (50) Location -2/Protoforge Parts ------- > --- POWER (2) -------- (None) > --- PROPULSION (6) --- (None) > --- UTILITY (11) ----- (None) > --- WEAPON (4) ------- (None) > --- INVENTORY (5) ---- 2N-1CE's Frost Array AEGIS Remote Shield Dimensional Node Initializer Supercharged TR Enhanced Nova Cannon Peak State ------------ > --- POWER ------------ Light Quantum Reactor Light Quantum Reactor > --- PROPULSION ------- Cooled Antigrav System Cooled Antigrav System Combat Antigrav System Experimental Gyrokinetic Inverter Combat Linear Gravjet Combat Linear Gravjet > --- UTILITY ---------- Medium Storage Unit Quantum Shading Machine Makeshift Trap Scanner Experimental Optical Array Experimental Core Analyzer Experimental Core Analyzer Advanced Transmission Jammer Advanced Reaction Control System Advanced Hacking Suite System Mapper Advanced Corruption Screen > --- WEAPON ----------- Enhanced Nova Cannon Enhanced Nova Cannon Enhanced Nova Cannon Thunder Hammer > --- INVENTORY -------- Cooled Fission Core 2N-1CE's Frost Array Long-range Terrain Scanner ECM Suite AEGIS Remote Shield Dimensional Node Initializer Supercharged TR Hellfire Missile Launcher Sigix Containment Pod [Rating: 196] Favorites ----------- Power Subdweller Power Source Engine Subdweller Power Source Power Core Light Fission Core Reactor Antimatter Reactor Propulsion Light Treads Treads Light Treads Leg Enhanced Biometal Leg Wheel Compact Wheel Hover Unit Combat Gravmag System Flight Unit Flightbrick Utility Medium Storage Unit Device Seismic Detector Storage Medium Storage Unit Processor Enhanced Optical Array Hackware Advanced System Shield Protection Improved Light Armor Plating Artifact Phase Redirector Weapon Makeshift Axe Energy Gun Subdweller Laser Energy Cannon Enhanced Nova Cannon Ballistic Gun Helical Railgun Ballistic Cannon Light Cannon Launcher Long-range Missile Launcher Special Weapon Mining Laser Impact Weapon Thunder Hammer Slashing Weapon Makeshift Axe Piercing Weapon Force Lance Special Melee Weapon Datajack Build | -11 -10 -10 -10 -9 -9 -6 -6 -6 -6 -6 -6 -5 -5 -5 -5 -5 -4 -4 -4 -4 -4 -3 -3 -3 -2 -2 -2 ------- Run | Yrd Mat Min Sub Rec Scr Fac Was Fac Low Low Dat Pro Fac Upp Upp Zhi Pro Fac Upp Upp War Pro Res Qua Res Tes Frg Slots Evolved 16 | . . . . . . 8 . . . . . . 2 . . . . 2 . . . . 2 . 2 . . Power 1 | . . . . . . 1 . . . . . . . . . . . . . . . . . . . . . Propulsion 4 | . . . . . . 4 . . . . . . . . . . . . . . . . . . . . . Utility 9 | . . . . . . 3 . . . . . . 2 . . . . 1 . . . . 1 . 2 . . Weapon 2 | . . . . . . . . . . . . . . . . . . 1 . . . . 1 . . . . Parts Attached 241 | 6 8 3 22 . 8 27 1 5 2 1 1 1 23 3 7 5 5 23 1 4 32 2 9 9 3 29 1 Power 34 | 1 . 1 4 . 1 6 . 2 . 1 . . 4 . 2 1 1 2 . . 4 . . 2 . 2 . Engine 13 | 1 . 1 4 . 1 2 . . . 1 . . 3 . . . . . . . . . . . . . . Core 13 | . . . . . . 4 . 2 . . . . 1 . 2 1 1 1 . . 1 . . . . . . Reactor 8 | . . . . . . . . . . . . . . . . . . 1 . . 3 . . 2 . 2 . Propulsion 51 | 2 . 1 4 . 2 6 . 1 . . . . 6 . 2 1 2 12 . . 7 . 1 . . 4 . Treads 9 | 2 . 1 . . . . . . . . . . 2 . 1 . 2 1 . . . . . . . . . Leg 1 | . . . . . . . . . . . . . . . . . . . . . 1 . . . . . . Wheel 9 | . . . 4 . 1 . . . . . . . . . . 1 . 3 . . . . . . . . . Hover 19 | . . . . . . . . . . . . . 1 . . . . 8 . . 5 . 1 . . 4 . Flight 13 | . . . . . 1 6 . 1 . . . . 3 . 1 . . . . . 1 . . . . . . Utility 94 | 1 5 . 5 . 2 11 1 2 1 . 1 1 9 1 . 3 2 7 1 3 13 2 4 5 2 11 1 Device 44 | 1 1 . 1 . . 5 . . . . . 1 3 1 . . 2 6 1 2 6 2 2 2 1 6 1 Storage 9 | . 1 . 1 . 1 . . . . . . . 2 . . . . . . . 2 . . . . 2 . Processor 15 | . . . . . . . 1 . 1 . . . 3 . . 1 . 1 . . 4 . . . 1 3 . Hackware 14 | . 2 . . . 1 4 . 1 . . . . 1 . . 1 . . . 1 . . 1 2 . . . Protection 11 | . 1 . 3 . . 2 . 1 . . 1 . . . . 1 . . . . 1 . 1 . . . . Artifact 1 | . . . . . . . . . . . . . . . . . . . . . . . . 1 . . . Weapon 62 | 2 3 1 9 . 3 4 . . 1 . . . 4 2 3 . . 2 . 1 8 . 4 2 1 12 . Energy Gun 9 | 1 . . 1 . 1 . . . . . . . . 1 . . . . . 1 1 . . 1 . 2 . Energy Cannon 12 | . . . 2 . 1 . . . . . . . . . 1 . . . . . . . 1 1 . 6 . Ballistic Gun 7 | 1 . . 2 . . . . . . . . . 1 . . . . . . . 2 . . . . 1 . Ballistic Cannon 9 | . 2 . 1 . . . . . . . . . 1 . 1 . . 2 . . 1 . . . . 1 . Launcher 8 | . . . 1 . 1 1 . . 1 . . . 1 . . . . . . . 2 . 1 . . . . Special Weapon 3 | . 1 . . . . . . . . . . . 1 . . . . . . . 1 . . . . . . Impact Weapon 2 | . . . . . . . . . . . . . . . . . . . . . . . 1 . . 1 . Slashing Weapon 9 | . . . 2 . . 3 . . . . . . . . 1 . . . . . 1 . 1 . . 1 . Piercing Weapon 2 | . . . . . . . . . . . . . . 1 . . . . . . . . . . 1 . . Special Melee Weapon 1 | . . 1 . . . . . . . . . . . . . . . . . . . . . . . . . Unidentified Prototypes 43 | . . . . . . . . 1 . . 1 . 2 . . 2 . . . . 16 . 3 6 . 12 . Parts Lost 51 | . . 1 2 . . 2 . 1 . . . . 12 . 2 . . 2 . . . . 1 2 1 7 18 Power 6 | . . . . . . . . . . . . . 2 . . . . . . . . . . 1 . . 3 Propulsion 18 | . . 1 2 . . . . . . . . . 3 . 2 . . 2 . . . . . . . 1 7 Utility 21 | . . . . . . 2 . 1 . . . . 4 . . . . . . . . . 1 1 1 6 5 Weapon 6 | . . . . . . . . . . . . . 3 . . . . . . . . . . . . . 3 Highest Loss Streak 9 | . . 1 1 . . 1 . 1 . . . . 5 . 1 . . 2 . . . . 1 2 1 4 9 To Critical Strikes 1 | . . 1 . . . . . . . . . . . . . . . . . . . . . . . . . Average Backups 12 | 2 6 14 13 27 20 14 15 14 14 14 14 14 9 8 9 9 8 8 9 9 9 9 9 8 7 7 7 Power . | . . . . 2 . . 1 . . . . . . 1 . . . . . . . . . . . . . Propulsion 1 | . . . 1 5 2 1 1 1 1 1 1 1 . . . . 1 1 1 1 . . . 1 1 . . Utility 6 | . . 3 5 12 11 9 10 10 11 11 11 11 6 4 5 6 4 4 5 6 7 8 7 6 3 3 2 Weapon 3 | 1 4 9 4 7 4 2 2 2 2 2 2 2 1 3 2 1 2 2 1 1 1 1 1 1 . 1 1 Tool/Special . | . . . . . . . . . . . . . . . . . . . . . . . . . . . . Unused Backups 56 | . 2 3 8 . 16 11 . . 2 . . . 2 . . 2 . 3 . . 2 . 1 . . 1 3 Power 2 | . . . . . 2 . . . . . . . . . . . . . . . . . . . . . . Propulsion 9 | . . . 1 . 3 3 . . . . . . . . . . . . . . . . . . . 1 1 Utility 25 | . 1 . 3 . 6 6 . . 1 . . . 2 . . 1 . 3 . . 1 . 1 . . . . Weapon 16 | . 1 3 4 . 5 2 . . . . . . . . . 1 . . . . . . . . . . . Tool/Special 4 | . . . . . . . . . 1 . . . . . . . . . . . 1 . . . . . 2 Average Slot Usage (%) 87 | . 83 100 89 85 87 80 82 81 81 81 79 81 70 79 77 86 99 95 100 97 95 99 96 95 97 96 54 Engine 6 | . 6 14 14 14 12 1 . . . 5 6 6 3 5 2 . . . . . . . . . . . . Core 2 | . . . . . . 8 11 11 12 6 6 6 . . 3 11 11 4 5 5 5 5 4 4 4 . . Reactor 1 | . . . . . . . . . . . . . . . . . . 4 5 5 5 5 4 3 4 7 3 Treads 7 | . 28 28 6 . . . . . . . . . 2 11 11 17 18 9 . . . . . . . . . Wheel 8 | . . . 21 28 27 . . . . . . . . . . 2 4 3 . . . . . . . . . Hover 6 | . . . . . . . . . . . . . 1 5 5 5 5 16 31 31 31 31 28 27 26 25 16 Flight 3 | . . . . . . 16 17 17 18 18 18 18 17 17 9 8 3 . . . . . . . . . . Device 10 | . 13 14 . . 1 15 17 14 12 12 9 12 15 14 8 6 19 22 21 21 14 9 9 14 19 19 7 Storage 7 | . 4 14 8 14 13 5 5 5 6 6 6 6 4 5 5 5 5 5 5 5 5 5 4 4 4 4 3 Processor 5 | . . . . . . . 2 5 9 12 12 12 14 17 17 15 8 6 10 6 5 15 13 9 11 13 8 Hackware 4 | . . . . . 3 12 11 10 6 6 6 6 2 . . 3 5 5 5 6 10 10 13 12 9 6 3 Protection 2 | . 8 . 9 . . 4 2 2 2 . 1 . . . 3 2 . . . . 1 . . . . . . Energy Cannon 1 | . . . 1 . . . . . . . . . . . 2 . . . . . . . 2 3 4 12 9 Ballistic Gun 3 | . 6 . 11 7 . . . . . . . . . . . . . . . . . 10 8 7 8 . . Ballistic Cannon 4 | . 13 27 2 . . . . . . . . . . . 2 . 5 9 10 10 8 . . . . . . Slashing Weapon 5 | . . . 8 17 12 10 11 10 9 6 6 6 3 . . 3 4 4 5 5 4 . 3 2 . . . Special Melee Weapon 2 | . . . . 3 13 . . . . . . . . . . . . . . . . . . . . . . Peak Build Rating 196 | 5 11 11 23 23 28 94 91 94 93 93 96 94 103 71 90 90 91 113 111 114 145 146 163 167 168 196 175 Average Rating 60 | 3 6 9 16 22 19 81 90 91 91 92 92 92 72 66 70 77 87 102 110 109 120 140 152 151 164 178 103 On Entrance 84 | . 4 8 11 23 21 24 91 90 90 93 93 93 92 60 67 90 86 89 111 111 112 144 140 147 162 166 159 Naked Turns 11 | . . . . . . . . . . . . . . . . . . . . . . . . . . . 11 Heaviest Build 212 | 4 32 32 212 212 208 94 47 45 46 48 48 49 48 17 65 66 60 80 63 78 88 76 78 83 85 99 97 Greatest Support 116 | 40 40 40 40 26 28 48 48 48 48 48 48 48 48 17 82 82 110 109 71 71 82 82 96 96 96 116 105 Greatest Overweight (x) 13 | 1 3 . 13 8 7 3 . . . . 1 1 1 . 1 . 5 7 . 1 1 . . . . 1 1 Average Overweight (x) . | . . . 2 7 3 . . . . . . . . . . . 3 . . . . . . . . . . Largest Inventory Capacity 35 | 5 15 15 35 35 35 25 15 15 15 15 15 15 15 10 10 10 10 10 10 10 10 10 10 10 10 10 10 Average Capacity 15 | 5 8 15 16 35 27 15 15 15 15 15 15 15 11 10 10 10 10 10 10 10 10 10 10 10 10 10 9 Most Carried 35 | 5 13 15 35 35 35 21 15 15 15 15 15 15 15 10 10 10 10 10 10 10 10 10 10 10 10 10 10 Average Carried 14 | 2 6 14 15 35 26 14 15 14 14 15 14 15 10 9 9 9 9 9 10 10 9 9 9 9 9 9 8 Final Capacity 35 | 5 15 15 35 35 25 15 15 15 15 15 15 15 10 10 10 10 10 10 10 10 10 10 10 10 10 10 5 Final Carried 35 | 5 13 15 35 35 25 15 15 15 15 15 15 15 10 10 10 10 10 10 10 10 10 10 10 10 9 10 5 Class Distribution -------------------- 28% | Mutant 15% | Commander-Mutant 9% | Scout 8% | Hacker-Mutant 7% | Hauler-Mutant 5% | Subdweller-Mutant 3% | Scavenger-Mutant 3% | Scavenger-Assassin 3% | Hacker-Sprinter Dominant Class ---------------- Mutant | -10/Materials Mutant | -10/Mines Subdweller-Mutant | -10/Subcaves Hauler-Mutant | -9/Recycling Commander-Mutant | -9/Scraptown Hacker-Sprinter | -6/Factory Hacker-Mutant | -6/Waste Hacker-Mutant | -6/Factory Mutant | -6/Lower Caves Mutant | -6/Lower Caves Mutant | -6/Data Miner Mutant | -5/Proximity Caves Scout | -5/Factory Scout | -5/Upper Caves Mutant | -5/Upper Caves Mutant | -5/Zhirov Scavenger-Assassin | -4/Proximity Caves Scout | -4/Factory Scout | -4/Upper Caves Scout | -4/Upper Caves Hacker-Mutant | -4/Warlord Scavenger-Scout | -3/Proximity Caves Hacker-Scout | -3/Research Hacker-Mutant | -3/Quarantine Scavenger-Skirmisher | -2/Research Hacker-Gunner | -2/Testing Mutant | -2/Protoforge Resources | -11 -10 -10 -10 -9 -9 -6 -6 -6 -6 -6 -6 -5 -5 -5 -5 -5 -4 -4 -4 -4 -4 -3 -3 -3 -2 -2 -2 ----------- Run | Yrd Mat Min Sub Rec Scr Fac Was Fac Low Low Dat Pro Fac Upp Upp Zhi Pro Fac Upp Upp War Pro Res Qua Res Tes Frg Matter Collected 8322 | 272 645 152 495 38 212 790 50 68 53 142 . 132 645 146 497 114 214 737 79 92 971 123 529 293 82 658 93 Remotely 106 | . . . . . . . . . . . . . . . . . . 106 . . . . . . . . . Salvage Created 7433 | 81 780 133 339 67 . 360 125 535 . 14 . 126 477 . 594 319 186 795 92 57 169 109 580 48 151 960 336 Parts 375 | 5 58 14 20 2 . 18 4 31 . . . 21 27 . 11 5 6 44 4 . 7 5 23 1 8 46 15 Haulers Intercepted 11 | . 2 . . . . 1 . 2 . . . . . . . . . 1 . . . . 3 . 1 1 . Recyclers Shooed 6 | 1 1 . . . . . . . . . . . 3 . . . . 1 . . . . . . . . . Parts Field Recycled . | . . . . . . . . . . . . . . . . . . . . . . . . . . . . Retrieved Matter . | . . . . . . . . . . . . . . . . . . . . . . . . . . . . Parts Self-Destructed 47 | . . . 13 . . . . . . 4 . 14 . . 7 2 2 . . . . 5 . . . . . Prevented 5 | . . . . . . . . . 2 . . . . . 2 . . . 1 . . . . . . . . Kills | -11 -10 -10 -10 -9 -9 -6 -6 -6 -6 -6 -6 -5 -5 -5 -5 -5 -4 -4 -4 -4 -4 -3 -3 -3 -2 -2 -2 ------- Run | Yrd Mat Min Sub Rec Scr Fac Was Fac Low Low Dat Pro Fac Upp Upp Zhi Pro Fac Upp Upp War Pro Res Qua Res Tes Frg Combat Hostiles Destroyed 122 | . 16 3 9 . . 7 . 9 . 1 . 15 3 . 11 . 1 14 . . 3 6 8 . 4 8 4 Melee 14 | . . . 1 . . 6 . 3 . . . . 2 . . . . . . . . . . . . 2 . Guns 9 | . 1 . 5 . . . . . . . . . . . . . . . . . . 1 2 . . . . Cannons 43 | . 15 2 2 . . . . . . . . . . . 5 . 1 7 . . 3 . 2 . . 4 2 AOE 52 | . . 1 1 . . 1 . 6 . 1 . 15 1 . 6 . . 7 . . . 5 4 . 4 . . Classes Destroyed 22 | 2 7 1 2 . . 2 . 1 . . . . . . 3 . . . . . 2 . 1 . . . 1 Worker 14 | . 3 . . . . . . . . . . . 6 . . . . 5 . . . . . . . . . Builder 8 | . 1 1 . . . . . . . . . . 1 . . . . 1 . . . . 2 1 . . 1 Tunneler 5 | 1 . 2 . . . . . . . . . . 1 . . . . 1 . . . . . . . . . Hauler 11 | . 2 . . . . 1 . 2 . . . . . . . . . 1 . . . . 3 . 1 1 . Recycler 7 | 1 1 . . 1 . . . . . . . . 1 . . . . 1 . . . . . . . 2 . Mechanic 2 | . . . . . . 1 . . . . . . . . . . . 1 . . . . . . . . . Operator 6 | . 2 . . . . . . 1 . . . . . . . . . 1 . . . . . . . 2 . Drone 1 | . . . . . . . . . . . . . . . . . . . . . . . 1 . . . . Turret 1 | . . . 1 . . . . . . . . . . . . . . . . . . . . . . . . Watcher 14 | . 3 . . . . 1 . 1 . . . . 3 . . . . 1 . . . . 2 1 . 1 1 Swarmer 62 | . 3 . 2 . . 5 . 8 . 1 . 15 . . 3 . . 8 . . . 6 7 . 4 . . Cutter 2 | . . . . . . 2 . . . . . . . . . . . . . . . . . . . . . Grunt 24 | . 13 2 1 . . . . . . . . . . . 5 . . 2 . . 1 . . . . . . Duelist 1 | . . . . . . . . . . . . . . . 1 . . . . . . . . . . . . Sentry 2 | . . . . . . . . . . . . . . . 2 . . . . . . . . . . . . Demolisher 1 | . . 1 . . . . . . . . . . . . . . . . . . . . . . . . . Specialist 1 | . . . . . . . . . . . . . . . . . . . . . . . . . . . 1 Hunter 1 | . . . . . . . . . . . . . . . . . . . . . 1 . . . . . . Programmer 20 | . . . . . . . . 1 . . . . 3 . . . 1 4 . . . . . . . 8 3 Striker 1 | . . . . . . . . . . . . . . . . . . . . . 1 . . . . . . Subdweller 7 | . . . 7 . . . . . . . . . . . . . . . . . . . . . . . . Packrat 1 | . . . . . . . . . . . . . . . . . . . . 1 . . . . . . . Samaritan 7 | . . . . . . . . . . . . . . . 1 . 4 . 2 . . . . . . . . Martyr 2 | . . . . . . . 2 . . . . . . . . . . . . . . . . . . . . Best Kill Streak 7 | 2 7 2 2 1 . 4 . 4 . 1 . 5 6 . 5 . 1 7 . . 2 3 6 1 4 3 4 Combat Bots Only 5 | . 3 2 2 . . 3 . 4 . 1 . 5 1 . 5 . 1 4 . . 2 3 5 . 4 3 3 Max Kills in Single Turn 5 | 1 2 1 2 1 . 1 1 3 . 1 . 5 1 . 4 . 1 5 1 1 1 2 5 1 4 1 2 Gunslinging . | . . . . . . . . . . . . . . . . . . . . . . . . . . . . Exploded 5 | . . 1 1 . . 1 . 3 . 1 . 5 1 . 4 . . 4 . . . 2 4 . 4 . . Melee 1 | . . . 1 . . 1 . 1 . . . . 1 . . . . . . . . . . . . 1 . Uniques/NPCs Destroyed . | . . . . . . . . . . . . . . . . . . . . . . . . . . . . Combat | -11 -10 -10 -10 -9 -9 -6 -6 -6 -6 -6 -6 -5 -5 -5 -5 -5 -4 -4 -4 -4 -4 -3 -3 -3 -2 -2 -2 -------- Run | Yrd Mat Min Sub Rec Scr Fac Was Fac Low Low Dat Pro Fac Upp Upp Zhi Pro Fac Upp Upp War Pro Res Qua Res Tes Frg Hostile Shots Fired 1066 | . 45 4 66 . . 146 . 145 18 16 . 27 113 . 42 . 16 46 . . 45 15 97 30 15 75 105 Missed 479 | . 12 . 29 . . 76 . 72 8 8 . 15 61 . 14 . 3 18 . . 23 8 62 18 4 24 24 Hits 587 | . 33 4 37 . . 70 . 73 10 8 . 12 52 . 28 . 13 28 . . 22 7 35 12 11 51 81 Melee 11 | . . . . . . 10 . . . 1 . . . . . . . . . . . . . . . . . Projectile 576 | . 33 4 37 . . 60 . 73 10 7 . 12 52 . 28 . 13 28 . . 22 7 35 12 11 51 81 AOE 4 | . . 2 . . . 1 . . . . . . 1 . . . . . . . . . . . . . . Critical Strikes 22 | . . 1 1 . . 3 . 1 . . . . 2 . . . 1 3 . . . . 1 . . 5 4 Damage Taken 11665 | . 350 82 886 . . 964 . 927 77 139 . 237 1337 . 562 . 207 448 . . 488 192 518 323 263 1187 2478 Core 2517 | . 38 25 185 . . 67 . 65 5 . . . 333 . 105 . 15 61 . . 40 13 45 42 74 141 1263 Absorbed by Shields 78 | . . . . . . 3 . . . . . . . . . . . . . . 53 . . . . . 22 Ignored by Resistances 80 | . . . . . . . . . . . . . . . . . . 80 . . . . . . . . . Regen/Repaired (Parts) 283 | . . . . . 130 . . 7 . . . . . . . . . . . . 34 . . 112 . . . Core Remaining (%) 70 | 100 . . . . . . . . . . . 83 . . . . 54 . . . . 90 . 93 . . . Volleys Fired 398 | 4 86 15 34 . . 2 . 6 1 1 . 8 28 1 28 . 6 21 . 3 30 11 26 23 7 21 36 Largest 4 | 2 2 2 2 . . 1 . 1 1 1 . 1 1 1 2 . 2 2 . 2 2 2 3 2 3 4 4 Hottest 480 | 60 100 60 120 . . 43 . 43 43 43 . 43 47 47 136 . 101 102 . 102 102 76 189 113 189 480 480 Shots Fired 628 | 8 129 31 65 . . 2 . 6 1 1 . 8 28 1 37 . 8 37 . 6 50 17 51 34 11 44 53 Gun 139 | 8 29 . 27 . . . . . . . . . 7 . . . . . . . . 12 30 22 4 . . Cannon 438 | . 92 31 36 . . . . . . . . . 18 1 34 . 6 34 . 6 46 . 19 12 6 44 53 Launcher 42 | . . . 2 . . 2 . 6 1 1 . 8 3 . 3 . 2 3 . . 3 5 2 . 1 . . Special 9 | . 8 . . . . . . . . . . . . . . . . . . . 1 . . . . . . Kinetic 401 | 4 121 31 33 . . . . . . . . . 25 1 26 . 6 34 . 6 46 12 30 22 4 . . Thermal 176 | 4 8 . 30 . . . . . . . . . . . . . . . . . . . 19 12 6 44 53 Explosive 34 | . . . 2 . . . . . 1 1 . 8 3 . 3 . 2 3 . . 3 5 2 . 1 . . Electromagnetic 16 | . . . . . . 2 . 6 . . . . . . 8 . . . . . . . . . . . . Robot Hit Streak 16 | 4 8 6 16 . . 1 . 3 . . . 1 11 . 5 . 2 11 . . 7 1 7 6 3 8 10 Robot Miss Streak 5 | 1 3 3 5 . . 1 . 1 . . . 2 2 . 3 . 2 1 . . 4 1 2 3 1 2 4 Penetration Max 1 | . . . . . . . . . . . . . . . . . . . . . . . 1 . . . . Secondary Targets 2 | . . . 1 . . . . . . . . . . . . . . . . . . . 1 . . . . Max Gunslinging Chain 1 | . . . 1 . . . . . . . . . . . . . . . . . . . 1 . . . . Shots Hit Robots 443 | 7 66 16 59 17 2 18 2 20 . . . 3 33 . 25 8 10 39 2 2 26 3 29 2 6 33 15 Core Hits 253 | 3 30 7 17 1 . 10 2 15 . 1 . 18 18 . 17 5 7 30 1 1 13 8 25 2 7 10 5 Critical Kills 3 | . . . . . . . . . . . . . . . . . . . . . . . . . . 1 2 Critical Parts Destroyed 8 | . . . . . . . . . . . . . . . . . . . . . . . 1 . . 7 . Critical Strikes 32 | . 3 . 1 . . 1 . 3 . . . . 4 . . . 1 3 . . 4 . 1 . . 9 2 Meltdown 3 | . . . . . . . . . . . . . . . . . . . . . . . . . . 1 2 Destroy 1 | . . . . . . . . . . . . . . . . . . . . . . . 1 . . . . Blast 13 | . 3 . . . . . . . . . . . 3 . . . . 3 . . 4 . . . . . . Smash 7 | . . . . . . . . . . . . . . . . . . . . . . . . . . 7 . Sever 7 | . . . 1 . . 1 . 3 . . . . 1 . . . 1 . . . . . . . . . . Impale 1 | . . . . . . . . . . . . . . . . . . . . . . . . . . 1 . Melee Attacks 444 | . . 1 61 18 2 73 4 66 6 . . 4 46 3 7 8 8 41 4 5 7 . 31 8 6 35 . Impact 32 | . . . . . . . . . . . . . . . . . . . . . . . . . . 32 . Slashing 381 | . . . 61 2 . 73 4 66 6 . . 4 46 . 7 8 8 41 4 5 7 . 31 8 . . . Piercing 12 | . . . . . . . . . . . . . . 3 . . . . . . . . . . 6 3 . Sneak Attacks 61 | . . 1 1 17 2 3 2 2 . . . . 3 . 1 . 8 12 2 1 . . 3 . . 3 . Combat Hostiles . | . . . . . . . . . . . . . . . . . . . . . . . . . . . . Follow-up Attacks 6 | . . . . . . 2 . 2 . . . . 2 . . . . . . . . . . . . . . Damage Inflicted 21082 | 83 1113 321 1194 77 . 890 149 1194 . 83 . 1487 1376 . 1942 533 654 2579 166 130 1557 627 1544 114 587 1895 787 Guns 1573 | 83 169 . 465 . . . . . . . . . 67 . . . . . . . . 49 628 23 89 . . Cannons 6372 | . 944 245 381 . . . . . . . . . 386 . 683 . 43 806 . . 1054 . 200 38 83 722 787 Explosions 5778 | . . 76 32 . . 134 . 365 . 83 . 1487 143 . 816 . 59 703 . . 503 578 436 . 363 . . Melee 7359 | . . . 316 77 . 756 149 829 . . . . 780 . 443 533 552 1070 166 130 . . 280 53 52 1173 . Ramming . | . . . . . . . . . . . . . . . . . . . . . . . . . . . . Kinetic 5590 | 50 1113 245 509 . . . . . . . . . 453 . 528 . 43 806 . . 1054 49 628 23 89 . . Thermal 2562 | 33 . 76 337 . . . . 43 . . . . . . 243 . . . . . . . 200 38 83 722 787 Explosive 4960 | . . . 32 . . . . . . 83 . 1487 143 . 573 . 59 703 . . 503 578 436 . 363 . . Electromagnetic 611 | . . . . . . 134 . 322 . . . . . . 155 . . . . . . . . . . . . Impact 1033 | . . . . . . . . . . . . . . . . . . . . . . . . . . 1033 . Slashing 6134 | . . . 316 77 . 756 149 829 . . . . 780 . 443 533 552 1070 166 130 . . 280 53 . . . Piercing 192 | . . . . . . . . . . . . . . . . . . . . . . . . . 52 140 . Highest Corruption 5 | . 1 1 1 1 1 2 2 4 4 . . . 3 3 3 3 3 1 1 . . . . . . 2 5 Average Corruption 1 | . 1 1 1 1 1 1 2 2 4 . . . 2 3 3 3 3 1 1 . . . . . . 1 2 Corruption Purged 1 | . . . . . . . . . . . . . . . . . . . 1 . . . . . . . . Corruption Blocked 13 | . . . . . . . . . . . . . 2 . . . . . . . . . . . . 6 5 Effects 170 | . 7 9 33 9 16 4 2 9 4 . . . 16 7 22 7 10 2 3 . . . . . . 6 4 Message Errors 48 | . 3 3 12 4 5 1 . 2 . . . . 3 2 3 4 2 . 1 . . . . . . 2 1 Matter Fused 38 | . . 2 4 2 6 1 1 3 1 . . . 3 2 7 1 2 . . . . . . . . 2 1 Heat Flow Errors 20 | . . 2 4 . . . 1 . 1 . . . 2 1 4 1 3 . . . . . . . . 1 . Energy Discharges 21 | . 1 . 6 1 2 . . 1 . . . . 1 . 5 . 1 1 1 . . . . . . 1 . Parts Fused 1 | . . . . . . . . . . . . . . . . . . . . . . . . . . . 1 Data Loss (minor) 23 | . 1 . 1 . 2 2 . 2 1 . . . 5 2 2 1 1 1 1 . . . . . . . 1 Data Loss (major) 8 | . . . 2 . 1 . . 1 1 . . . 2 . . . 1 . . . . . . . . . . Misfires 5 | . 1 1 2 . . . . . . . . . . . 1 . . . . . . . . . . . . Alerts 6 | . 1 1 2 2 . . . . . . . . . . . . . . . . . . . . . . . Overload Shots . | . . . . . . . . . . . . . . . . . . . . . . . . . . . . Overflow Damage 1639 | . 12 . . . . 42 . 25 . . . 64 65 . 152 . 84 289 74 71 11 . 20 . 22 652 56 Projectiles 172 | . 12 . . . . . . . . . . . 14 . 9 . . 16 . . . . . . . 65 56 Explosions 238 | . . . . . . 3 . 4 . . . 64 . . 15 . . 121 . . 11 . 20 . . . . Melee 1229 | . . . . . . 39 . 21 . . . . 51 . 128 . 84 152 74 71 . . . . 22 587 . Knockbacks 46 | . 11 3 3 . . . . . . . . . 3 . 5 . . 11 . . 5 . . . . 5 . Impact 5 | . . . . . . . . . . . . . . . . . . . . . . . . . . 5 . Kinetic 37 | . 11 3 3 . . . . . . . . . 3 . 4 . . 8 . . 5 . . . . . . Secondary 4 | . . . . . . . . . . . . . . . 1 . . 3 . . . . . . . . . Self-Inflicted Damage 121 | . . . 23 . . . . . . . . 53 . . . . . . . . . 39 6 . . . . Shots 5 | . . . 1 . . . . . . . . 2 . . . . . . . . . 1 1 . . . . Rammed . | . . . . . . . . . . . . . . . . . . . . . . . . . . . . Targets Rammed . | . . . . . . . . . . . . . . . . . . . . . . . . . . . . Kicked . | . . . . . . . . . . . . . . . . . . . . . . . . . . . . Crushed . | . . . . . . . . . . . . . . . . . . . . . . . . . . . . Highest Temperature 342 | 15 117 162 234 . . 309 211 69 201 24 . 38 181 86 319 118 228 260 220 282 342 4 268 333 156 297 22 Average Temperature 76 | 10 24 39 53 . . 42 100 20 118 18 . 16 86 51 159 65 66 75 82 89 83 4 101 112 47 90 7 Received Heat Transfer 1307 | . 159 24 159 . . 156 . 102 24 18 . 9 93 . 171 . . 76 . . 69 . 58 . 18 9 162 Effects 11 | . . . . . . 2 . . . . . . . . . . . 2 4 . 2 . . 1 . . . Shutdowns 2 | . . . . . . . . . . . . . . . . . . . . . 1 . . 1 . . . Energy Bleed 4 | . . . . . . 2 . . . . . . . . . . . . 1 . 1 . . . . . . Interference 5 | . . . . . . . . . . . . . . . . . . 2 3 . . . . . . . . Siege Activations . | . . . . . . . . . . . . . . . . . . . . . . . . . . . . Martial Activations . | . . . . . . . . . . . . . . . . . . . . . . . . . . . . Shielding Activations . | . . . . . . . . . . . . . . . . . . . . . . . . . . . . Robots Disrupted . | . . . . . . . . . . . . . . . . . . . . . . . . . . . . Combat Hostiles . | . . . . . . . . . . . . . . . . . . . . . . . . . . . . Robots Corrupted 3 | . . . . . . . . . . . . . . . . . . . . . . . . . . 3 . Combat Hostiles 1 | . . . . . . . . . . . . . . . . . . . . . . . . . . 1 . Parts Fried 7 | . . . . . . . . . . . . . . . 1 . . . . . . . . . . 6 . Impact Corruptions 22 | . . . . . . . . . . . . . . . . . . . . . . . . . . 22 . Robots Melted 4 | . . . . . . . . . . . . . . . . . . . . . . . . 1 . 1 2 Combat Hostiles 3 | . . . . . . . . . . . . . . . . . . . . . . . . . . 1 2 Parts Melted 15 | . . . 3 . . . . . . . . . . . . . . . . . . . . 2 . 3 7 Heat Transferred 2360 | 75 . 150 545 . . . . . . . . . . . 150 . . . . . . . 185 37 74 552 592 Parts Sabotaged . | . . . . . . . . . . . . . . . . . . . . . . . . . . . . Parts Stolen . | . . . . . . . . . . . . . . . . . . . . . . . . . . . . Parts Stripped . | . . . . . . . . . . . . . . . . . . . . . . . . . . . . Power Chain Reactions 2 | . . . . . . . . 1 . . . . . . 1 . . . . . . . . . . . . Alert | -11 -10 -10 -10 -9 -9 -6 -6 -6 -6 -6 -6 -5 -5 -5 -5 -5 -4 -4 -4 -4 -4 -3 -3 -3 -2 -2 -2 ------- Run | Yrd Mat Min Sub Rec Scr Fac Was Fac Low Low Dat Pro Fac Upp Upp Zhi Pro Fac Upp Upp War Pro Res Qua Res Tes Frg Maximum Alert Level 2 | . 1 . . . . 1 . 1 . . . . . . . . . 1 . . . . 2 1 1 1 . Low Security (%) 73 | 100 64 100 . 100 . 54 100 75 . . . . 100 . . . . 58 . . . . 75 21 67 71 100 Level 1 25 | . 35 . . . . 45 . 24 . . . . . . . . . 41 . . . . 11 78 32 28 . Level 2 . | . . . . . . . . . . . . . . . . . . . . . . . 13 . . . . Level 3 . | . . . . . . . . . . . . . . . . . . . . . . . . . . . . Level 4 . | . . . . . . . . . . . . . . . . . . . . . . . . . . . . Level 5 . | . . . . . . . . . . . . . . . . . . . . . . . . . . . . High Security . | . . . . . . . . . . . . . . . . . . . . . . . . . . . . Max Security . | . . . . . . . . . . . . . . . . . . . . . . . . . . . . Peak Influence 578 | 5 305 177 . 60 . 387 108 288 . . . . 143 . . . . 288 . . . . 578 351 212 231 191 Initial 321 | . . 111 . 20 . . 99 22 . . . . 79 . . . . . . . . . 15 321 89 103 101 Average 112 | 1 122 45 . 5 . 150 75 78 . . . . 77 . . . . 132 . . . . 156 258 142 154 123 Influence Increases 7697 | 10 598 286 268 139 . 893 33 903 15 155 . 420 611 . 339 5 30 579 . . 180 170 835 226 166 540 296 Destroy 0b10 Robot/C 2540 | . 320 60 80 . . 180 . 320 . 20 . 300 60 . 260 . 20 280 . . 60 120 140 . 80 160 80 Destroy 0b10 Robot/NC 355 | 10 60 15 . 5 . 15 . 20 . . . . 60 . 10 5 . 60 . . . . 40 10 5 30 10 Destroy Leader 400 | . 80 10 . . . 34 . 76 . . . 30 16 . . . 10 44 . . . 20 20 2 12 34 12 Allied During Kill 71 | . . 2 8 . . 4 . 48 . . . . . . 9 . . . . . . . . . . . . Trap Triggered on 0b10 10 | . . . . . . 10 . . . . . . . . . . . . . . . . . . . . . Successful Hack 493 | . 39 . . 13 . 106 . 63 . . . . 48 . . . . 19 . . . . 43 51 . 106 5 Select Force Hacks 170 | . 30 . . 120 . . . 20 . . . . . . . . . . . . . . . . . . . Disable Machine 540 | . 15 150 . . . 30 . 60 . . . . 15 . . . . 15 . . . . 15 120 . 105 15 Destroy Structure 748 | . 9 49 . 1 . 34 33 41 . . . . 52 . . . . 146 . . . . 112 28 69 90 84 Partial Spotted 240 | . . . . . . 45 . 30 . . . . 75 . . . . . . . . . 60 15 . 15 . Lose Combat Pursuer 2130 | . 45 . 180 . . 435 . 225 15 135 . 90 285 . 60 . . 15 . . 120 30 405 . . . 90 Influence Decreases 7650 | 10 311 441 357 182 . 609 285 647 238 220 . 294 635 102 339 5 30 355 224 . 180 146 287 639 140 544 430 Entered New Map 1246 | . . 176 69 23 . . 185 10 108 13 . . 47 39 . . . . 84 . . . 9 251 70 82 80 Time Decay 5214 | 10 311 255 288 159 . 397 100 263 130 207 . 294 346 63 279 5 30 353 140 . 180 146 268 368 60 392 170 Lost Part 451 | . . 10 . . . 20 . 10 . . . . 99 . 20 . . 2 . . . . 10 20 10 70 180 Lost Ally 296 | . . . . . . 42 . 214 . . . . . . 40 . . . . . . . . . . . . Purge Threat 443 | . . . . . . 150 . 150 . . . . 143 . . . . . . . . . . . . . . Squads Dispatched 82 | . 6 1 . . . 14 . 17 . 1 . . 14 . 1 . . 9 . . . . 8 1 1 7 2 Investigation 43 | . 4 1 . . . 10 . 9 . . . . 9 . . . . 5 . . . . 4 . 1 . . Extermination 17 | . . . . . . 3 . 3 . . . . 2 . . . . 3 . . . . 2 . . 3 1 Reinforcement 15 | . 2 . . . . 1 . 2 . . . . 2 . . . . 1 . . . . 2 1 . 3 1 Assault 3 | . . . . . . . . . . 1 . . . . 1 . . . . . . . . . . 1 . Garrison 4 | . . . . . . . . 3 . . . . 1 . . . . . . . . . . . . . . Intercept . | . . . . . . . . . . . . . . . . . . . . . . . . . . . . Searches Triggered . | . . . . . . . . . . . . . . . . . . . . . . . . . . . . Data Miner Redirects 6 | . . . . . . . . . . . . . 4 . . . . . . . . . 1 . . 1 . Construction Impeded 2 | . . . . . . . . . . . . . 1 . . . . . . . . . . 1 . . . Haulers Reinforced 1 | . . . . . . . . . . . . . . . . . . . . . . . 1 . . . . Active Scanning Responses . | . . . . . . . . . . . . . . . . . . . . . . . . . . . . Cargo Convoy Interrupts 1 | . . . . . . 1 . . . . . . . . . . . . . . . . . . . . . Stealth | -11 -10 -10 -10 -9 -9 -6 -6 -6 -6 -6 -6 -5 -5 -5 -5 -5 -4 -4 -4 -4 -4 -3 -3 -3 -2 -2 -2 --------- Run | Yrd Mat Min Sub Rec Scr Fac Was Fac Low Low Dat Pro Fac Upp Upp Zhi Pro Fac Upp Upp War Pro Res Qua Res Tes Frg Distress Signals 15 | . 2 . . . . 3 . 3 . . . . 1 . . . . 1 . . . . 3 . . 1 1 Communications Jammed 7 | . . . . . . . . . . . . . . . . . . . . . . . . . 1 6 . Distress Signals 7 | . . . . . . . . . . . . . . . . . . . . . . . . . 1 6 . Times Spotted 458 | . 31 6 29 . . 55 7 52 2 12 . 21 29 . 12 . 3 18 . . 71 6 50 10 6 17 21 Peak Tracking Total 17 | . 4 2 4 . . 17 6 12 2 10 . 11 9 . 8 . 2 5 . . 9 3 17 3 4 4 8 Tactical Retreats 77 | . 2 . 7 . . 10 1 10 2 4 . 3 9 . 4 . . 1 . . 4 1 11 2 . 3 3 Traps | -11 -10 -10 -10 -9 -9 -6 -6 -6 -6 -6 -6 -5 -5 -5 -5 -5 -4 -4 -4 -4 -4 -3 -3 -3 -2 -2 -2 ------- Run | Yrd Mat Min Sub Rec Scr Fac Was Fac Low Low Dat Pro Fac Upp Upp Zhi Pro Fac Upp Upp War Pro Res Qua Res Tes Frg Traps Triggered 15 | . 2 . 3 . . 3 . 3 . . . . . . . . . . . . . . 2 . . . 2 Indirectly 3 | . . . . . . 2 . 1 . . . . . . . . . . . . . . . . . . . Trap Hack Attempts 43 | . . . 43 . . . . . . . . . . . . . . . . . . . . . . . . Triggered . | . . . . . . . . . . . . . . . . . . . . . . . . . . . . Disarmed . | . . . . . . . . . . . . . . . . . . . . . . . . . . . . Reprogrammed 2 | . . . 2 . . . . . . . . . . . . . . . . . . . . . . . . Reused 1 | . . . . . . 1 . . . . . . . . . . . . . . . . . . . . . Traps Extracted . | . . . . . . . . . . . . . . . . . . . . . . . . . . . . Installed 1 | . . . . . . 1 . . . . . . . . . . . . . . . . . . . . . Triggered 1 | . . . . . . 1 . . . . . . . . . . . . . . . . . . . . . Most Traps Carried 3 | . . . 3 3 3 1 . . . . . . . . . . . . . . . . . . . . . Machines | -11 -10 -10 -10 -9 -9 -6 -6 -6 -6 -6 -6 -5 -5 -5 -5 -5 -4 -4 -4 -4 -4 -3 -3 -3 -2 -2 -2 ---------- Run | Yrd Mat Min Sub Rec Scr Fac Was Fac Low Low Dat Pro Fac Upp Upp Zhi Pro Fac Upp Upp War Pro Res Qua Res Tes Frg Machines Disabled 39 | . 1 10 2 . . 2 . 4 . . . 1 1 . . . . 1 . . . . 1 8 . 7 1 Max in Single Turn 9 | . 1 9 1 . . 1 . 1 . . . 1 1 . . . . 1 . . . . 1 1 . 1 1 Garrison Access 3 | . . . . . . 2 . . . . . . . . . . . . . . . . . . . 1 . Machines Repaired . | . . . . . . . . . . . . . . . . . . . . . . . . . . . . Machines Dismantled . | . . . . . . . . . . . . . . . . . . . . . . . . . . . . Machines Sabotaged . | . . . . . . . . . . . . . . . . . . . . . . . . . . . . Overloaded Fab Kills . | . . . . . . . . . . . . . . . . . . . . . . . . . . . . Hacking | -11 -10 -10 -10 -9 -9 -6 -6 -6 -6 -6 -6 -5 -5 -5 -5 -5 -4 -4 -4 -4 -4 -3 -3 -3 -2 -2 -2 --------- Run | Yrd Mat Min Sub Rec Scr Fac Was Fac Low Low Dat Pro Fac Upp Upp Zhi Pro Fac Upp Upp War Pro Res Qua Res Tes Frg Machines Accessed 173 | . 8 1 2 11 8 29 . 20 1 2 4 1 18 1 1 8 . 11 . . 3 . 5 16 2 15 6 Terminals 82 | . 6 . . 5 . 14 . 10 1 . . 1 8 . . . . 4 . . . . 2 13 1 11 6 Fabricators 11 | . . . . . . 2 . 3 . . . . 2 . . . . 1 . . . . . . 1 2 . Repair Stations 2 | . . . . . . . . . . . . . . . . . . . . . . . . 1 . 1 . Recycling Units 31 | . 2 . . 4 . 6 . 6 . . . . 6 . . . . 4 . . . . 3 . . . . Scanalyzers 9 | . . . . . . 4 . . . . . . 1 . . . . 2 . . . . . 2 . . . Garrison Access 6 | . . . . . . 3 . 1 . . . . 1 . . . . . . . . . . . . 1 . Total Hacks 554 | . 24 1 13 47 66 87 . 51 3 2 33 4 43 6 1 47 . 19 . . 7 . 15 30 6 32 17 Successful 390 | . 9 1 13 36 66 52 . 23 3 2 33 4 21 6 1 47 . 9 . . 7 . 9 19 3 19 7 Failed 164 | . 15 . . 11 . 35 . 28 . . . . 22 . . . . 10 . . . . 6 11 3 13 10 Catastrophic 25 | . 3 . . . . 6 . 5 . . . . 3 . . . . 4 . . . . . 1 . 2 1 Database Lockouts . | . . . . . . . . . . . . . . . . . . . . . . . . . . . . Manual 119 | . 14 . . 15 . 20 . 19 . . . . 12 . . . . 9 . . 2 . 9 4 2 3 10 Terminals 248 | . 21 . . 19 . 54 . 34 3 . . 4 22 . . . . 9 . . . . 11 25 3 26 17 Fabricators 24 | . . . . . . 4 . 8 . . . . 5 . . . . 1 . . . . . . 3 3 . Repair Stations 4 | . . . . . . . . . . . . . . . . . . . . . . . . 2 . 2 . Recycling Units 41 | . 3 . . 4 . 6 . 8 . . . . 10 . . . . 6 . . . . 4 . . . . Scanalyzers 26 | . . . . . . 16 . . . . . . 4 . . . . 3 . . . . . 3 . . . Garrison Access 11 | . . . . . . 7 . 1 . . . . 2 . . . . . . . . . . . . 1 . Terminal Hacks 309 | . 6 1 13 27 66 27 . 13 3 2 33 4 9 6 1 47 . 2 . . 7 . 5 12 2 17 6 Record 169 | . . . 12 24 58 . . . 3 . 11 4 . 6 . 35 . . . . 6 . . 6 . 4 . Part Schematic 22 | . 3 . . . . 1 . 1 . . 12 . . . . 4 . . . . . . . . . 1 . Robot Schematic 7 | . . . . . . . . . . . 7 . . . . . . . . . . . . . . . . Robot Analysis 18 | . 3 . . 1 7 1 . 1 . . . . . . . 4 . . . . . . . . . 1 . Prototype ID Bank 19 | . . . . 2 . 3 . 2 . . 3 . 3 . . 4 . 1 . . . . . 1 . . . Open Door 7 | . . 1 . . . . . . . 2 . . . . 1 . . . . . 1 . . 1 . 1 . Level Access Points 2 | . . . . . . . . . . . . . 1 . . . . . . . . . . . . 1 . Branch Access Points 4 | . . . . . . . . 1 . . . . 1 . . . . . . . . . . . 1 1 . Emergency Access Points 2 | . . . . . . . . 1 . . . . . . . . . . . . . . . . . . 1 Machine Index 3 | . . . . . . 1 . 1 . . . . . . . . . . . . . . 1 . . . . Terminal Index 1 | . . . . . . . . . . . . . . . . . . . . . . . . 1 . . . Recycling Unit Index 1 | . . . . . . . . . . . . . . . . . . . . . . . 1 . . . . Garrison Index 1 | . . . . . . . . . . . . . . . . . . . . . . . 1 . . . . Alert Level 6 | . . . . . . 4 . . . . . . 1 . . . . . . . . . . . 1 . . Unreport Threat 3 | . . . . . . 1 . 1 . . . . 1 . . . . . . . . . . . . . . Locate Traps 10 | . . . . . . 5 . 1 . . . . . . . . . . . . . . . 1 . 2 1 Dispatch Records 1 | . . . . . . 1 . . . . . . . . . . . . . . . . . . . . . Security Status 1 | . . . . . . 1 . . . . . . . . . . . . . . . . . . . . . Patrol Status 2 | . . . . . . 1 . . . . . . . . . . . . . . . . 1 . . . . Investigation Status 1 | . . . . . . 1 . . . . . . . . . . . . . . . . . . . . . Extermination Status 1 | . . . . . . 1 . . . . . . . . . . . . . . . . . . . . . Recall Investigation 2 | . . . . . . 1 . . . . . . 1 . . . . . . . . . . . . . . Recall Extermination 1 | . . . . . . 1 . . . . . . . . . . . . . . . . . . . . . Recall Reinforcements 2 | . . . . . . 1 . . . . . . . . . . . . . . . . . . . 1 . Hauler Manifests 5 | . . . . . . 1 . 1 . . . . . . . . . 1 . . . . . . . 1 1 Registered Components 2 | . . . . . . . . 1 . . . . . . . . . . . . . . . . . . 1 Registered Prototypes 2 | . . . . . . 1 . 1 . . . . . . . . . . . . . . . . . . . Zone Layout 9 | . . . . . . 1 . 1 . . . . 1 . . . . . . . . . 1 2 . 1 2 Proto ID Catalog 2 | . . . 1 . 1 . . . . . . . . . . . . . . . . . . . . . . Protovariant Controls 3 | . . . . . . . . . . . . . . . . . . . . . . . . . . 3 . Fabricator Hacks 9 | . . . . . . 3 . 2 . . . . 3 . . . . . . . . . . . 1 . . Load Schematic 6 | . . . . . . 2 . 1 . . . . 2 . . . . . . . . . . . 1 . . Build 3 | . . . . . . 1 . 1 . . . . 1 . . . . . . . . . . . . . . Repair Station Hacks 2 | . . . . . . . . . . . . . . . . . . . . . . . . 2 . . . Scan Component 1 | . . . . . . . . . . . . . . . . . . . . . . . . 1 . . . Repair 1 | . . . . . . . . . . . . . . . . . . . . . . . . 1 . . . Recycling Unit Hacks . | . . . . . . . . . . . . . . . . . . . . . . . . . . . . Scanalyzer 18 | . . . . . . 11 . . . . . . 2 . . . . 2 . . . . . 3 . . . Insert Component 11 | . . . . . . 6 . . . . . . 1 . . . . 2 . . . . . 2 . . . Analyze 7 | . . . . . . 5 . . . . . . 1 . . . . . . . . . . 1 . . . Garrison Access Hacks 3 | . . . . . . 2 . . . . . . . . . . . . . . . . . . . 1 . Seal Access 3 | . . . . . . 2 . . . . . . . . . . . . . . . . . . . 1 . Unauthorized Hacks 49 | . 3 . . 9 . 9 . 8 . . . . 7 . . . . 5 . . . . 4 2 . 1 1 Terminals 15 | . 2 . . 5 . 2 . 2 . . . . . . . . . . . . . . 1 2 . . 1 Track 1 | . . . . . . . . . . . . . . . . . . . . . . . . . . . 1 Assimilate 3 | . . . . . . 1 . 1 . . . . . . . . . . . . . . . 1 . . . Botnet 5 | . 1 . . . . 1 . 1 . . . . . . . . . . . . . . 1 1 . . . Skim 6 | . 1 . . 5 . . . . . . . . . . . . . . . . . . . . . . . Fabricators 5 | . . . . . . 1 . 1 . . . . 1 . . . . 1 . . . . . . . 1 . Haulers 1 | . . . . . . . . . . . . . . . . . . . . . . . . . . 1 . Download 1 | . . . . . . . . 1 . . . . . . . . . . . . . . . . . . . Recompile 3 | . . . . . . 1 . . . . . . 1 . . . . 1 . . . . . . . . . Repair Stations . | . . . . . . . . . . . . . . . . . . . . . . . . . . . . Recycling Units 29 | . 1 . . 4 . 6 . 5 . . . . 6 . . . . 4 . . . . 3 . . . . Tunnel 5 | . 1 . . 4 . . . . . . . . . . . . . . . . . . . . . . . Fedlink 24 | . . . . . . 6 . 5 . . . . 6 . . . . 4 . . . . 3 . . . . Scanalyzers . | . . . . . . . . . . . . . . . . . . . . . . . . . . . . Garrison Access . | . . . . . . . . . . . . . . . . . . . . . . . . . . . . Data Cores Recovered 2 | . . . . . . . . . . . . . . . . . . 1 . . . . . . . 1 . Used 1 | . . . . . . . . . . . . . . . . . . 1 . . . . . . . . . Hacking Detections 103 | . 7 . . 5 . 21 . 14 1 . . . 14 . . . . 6 . . . . 3 12 2 12 6 Full Trace Events 16 | . 4 . . 1 . 3 . 3 1 . . . 2 . . . . . . . . . 1 . 1 . . Feedback Events 6 | . 1 . . . . 2 . 1 1 . . . . . . . . . . . . . . . 1 . . Corruption 4 | . 1 . . . . 1 . 1 1 . . . . . . . . . . . . . . . . . . Hackware Fried 2 | . . . . . . 1 . . . . . . . . . . . . . . . . . . 1 . . Feedback Blocked 2 | . . . . . . 1 . 1 . . . . . . . . . . . . . . . . . . . Robot Schematics Acquired 11 | . . . . . . . . . . . 7 . . . . . . . . . . . . 3 . 1 . Robots Built 4 | . . . . . . . . 4 . . . . . . . . . . . . . . . . . . . Authchips . | . . . . . . . . . . . . . . . . . . . . . . . . . . . . Time 67 | . . . . . . . . 67 . . . . . . . . . . . . . . . . . . . Total Robot Build Rating 16 | . . . . . . . . 16 . . . . . . . . . . . . . . . . . . . Part Schematics Acquired 32 | . 3 . . . . 5 . 1 . . 12 . . . . 4 . . . . . . . 3 . 4 . Parts Built 3 | . . . . . . 2 . . . . . . 1 . . . . . . . . . . . . . . Authchips 2 | . . . . . . 1 . . . . . . 1 . . . . . . . . . . . . . . Time 139 | . . . . . . 95 . . . . . . 44 . . . . . . . . . . . . . . Total Part Build Rating 14 | . . . . . . 10 . . . . . . 4 . . . . . . . . . . . . . . Parts Repaired 1 | . . . . . . . . . . . . . . . . . . . . . . . . 1 . . . Time 108 | . . . . . . . . . . . . . . . . . . . . . . . . 108 . . . Parts Recycled . | . . . . . . . . . . . . . . . . . . . . . . . . . . . . Recycled Matter . | . . . . . . . . . . . . . . . . . . . . . . . . . . . . Retrieved Matter . | . . . . . . . . . . . . . . . . . . . . . . . . . . . . Retrieved Components . | . . . . . . . . . . . . . . . . . . . . . . . . . . . . Parts Scanalyzed 8 | . . . . . . 5 . . . . . . 1 . . . . 1 . . . . . 1 . . . Part Schematics Acquired 5 | . . . . . . 4 . . . . . . . . . . . . . . . . . 1 . . . Parts Damaged 2 | . . . . . . . . . . . . . 1 . . . . 1 . . . . . . . . . Bothacking | -11 -10 -10 -10 -9 -9 -6 -6 -6 -6 -6 -6 -5 -5 -5 -5 -5 -4 -4 -4 -4 -4 -3 -3 -3 -2 -2 -2 ------------ Run | Yrd Mat Min Sub Rec Scr Fac Was Fac Low Low Dat Pro Fac Upp Upp Zhi Pro Fac Upp Upp War Pro Res Qua Res Tes Frg Used RIF Installer . | . . . . . . . . . . . . . . . . . . . . . . . . . . . . Robots Hacked 3 | . . 1 . . 2 . . . . . . . . . . . . . . . . . . . . . . Non-combat . | . . . . . . . . . . . . . . . . . . . . . . . . . . . . Combat 3 | . . 1 . . 2 . . . . . . . . . . . . . . . . . . . . . . Robot Hacks Applied 3 | . . 1 . . 2 . . . . . . . . . . . . . . . . . . . . . . parse_system 3 | . . 1 . . 2 . . . . . . . . . . . . . . . . . . . . . . Relay Couplers Released 2 | . . . . . . 2 . . . . . . . . . . . . . . . . . . . . . Machine Destruction 2 | . . . . . . 2 . . . . . . . . . . . . . . . . . . . . . Fabnet Peak Effective % . | . . . . . . . . . . . . . . . . . . . . . . . . . . . . Robots Rewired 10 | . . . . 8 . . . . . . . . . . 2 . . . . . . . . . . . . Allies Hacked 1 | . . . . . . 1 . . . . . . . . . . . . . . . . . . . . . Hacks Repelled . | . . . . . . . . . . . . . . . . . . . . . . . . . . . . Allies | -11 -10 -10 -10 -9 -9 -6 -6 -6 -6 -6 -6 -5 -5 -5 -5 -5 -4 -4 -4 -4 -4 -3 -3 -3 -2 -2 -2 -------- Run | Yrd Mat Min Sub Rec Scr Fac Was Fac Low Low Dat Pro Fac Upp Upp Zhi Pro Fac Upp Upp War Pro Res Qua Res Tes Frg Total Allies 40 | . . 5 . 8 . 1 19 5 . . . . . . 2 . . . . . . . . . . . . Largest Group 19 | . . 5 5 8 8 8 19 12 . . . . . . 2 . . . . . . . . . . . . Highest-Rated Group 684 | . . 82 82 132 132 132 684 423 . . . . . . 60 . . . . . . . . . . . . Highest-Rated Ally 50 | . . 31 31 27 27 27 50 46 . . . . . . 30 . . . . . . . . . . . . Total Orders 2 | . . . . . . 2 . . . . . . . . . . . . . . . . . . . . . STAY 2 | . . . . . . 2 . . . . . . . . . . . . . . . . . . . . . Ally Attacks 293 | . . . 68 . . 7 136 74 . . . . . . 8 . . . . . . . . . . . . Total Damage 8315 | . . . 857 . . 77 5672 1575 . . . . . . 134 . . . . . . . . . . . . Kills 30 | . . . 6 . . 2 12 8 . . . . . . 2 . . . . . . . . . . . . Allies Corrupted 2 | . . . . . . 1 . 1 . . . . . . . . . . . . . . . . . . . Allies Melted 2 | . . . . . . . . 1 . . . . . . . . . . . . 1 . . . . . . Intel | -11 -10 -10 -10 -9 -9 -6 -6 -6 -6 -6 -6 -5 -5 -5 -5 -5 -4 -4 -4 -4 -4 -3 -3 -3 -2 -2 -2 ------- Run | Yrd Mat Min Sub Rec Scr Fac Was Fac Low Low Dat Pro Fac Upp Upp Zhi Pro Fac Upp Upp War Pro Res Qua Res Tes Frg Active Infowar (turns) 19003 | 19 2928 1731 155 . 356 1246 133 679 269 451 34 645 858 623 1547 424 762 1242 492 585 579 421 717 844 123 933 207 Optics 8809 | . . . . . . . . . . . . . 350 623 1547 424 762 1242 492 111 13 421 717 844 123 933 207 Sensors 5353 | . . . . . . . . . . . . . 585 580 849 61 440 425 492 585 566 391 379 . . . . IFF 1648 | . . . . . . . . . . . . . . 81 5 33 758 771 . . . . . . . . . Terrain 320 | . . . . . . . . . . . . . . . . . . 285 . . . . . . . 35 . Structural 7949 | . . . 118 . 356 . . . . . . 223 83 568 1011 424 762 1071 480 572 385 398 331 618 123 426 . Traps 3963 | . . . . . . . . . . . . . . . . . 321 1064 475 570 345 . . 242 123 698 125 Seismic 9318 | 19 2928 1731 37 . . 1243 132 673 269 451 31 380 198 . . . . 142 . . . . 119 705 123 137 . T.N.C. 205 | . . . . . . . . . . . . . . . . . . . . . . . . . 89 116 . Machine Analysis 2666 | . . . . . . . 91 679 269 451 34 645 496 . . . . . . . 1 . . . . . . Cloaking 975 | . . . . . . 975 . . . . . . . . . . . . . . . . . . . . . Jamming 748 | . . . . . . . . . . . . . . . . . . . . . . . . . 66 682 . ECM 1413 | . . . . . . 74 132 305 . . . 84 3 . . . . 34 . . . . 32 415 . 334 . Robot Analysis Total 18 | . 3 . . 1 7 1 . 1 . . . . . . . 4 . . . . . . . . . 1 . Derelict Logs Recovered 20 | . . 3 1 . 5 . . . 1 1 . 2 . 2 1 . 1 . 1 2 . . . . . . . Drone Launches . | . . . . . . . . . . . . . . . . . . . . . . . . . . . . Drone Recoveries . | . . . . . . . . . . . . . . . . . . . . . . . . . . . . Exploration | -11 -10 -10 -10 -9 -9 -6 -6 -6 -6 -6 -6 -5 -5 -5 -5 -5 -4 -4 -4 -4 -4 -3 -3 -3 -2 -2 -2 ------------- Run | Yrd Mat Min Sub Rec Scr Fac Was Fac Low Low Dat Pro Fac Upp Upp Zhi Pro Fac Upp Upp War Pro Res Qua Res Tes Frg Turns Passed 29145 | 72 3028 1731 4065 1200 4233 1330 212 679 269 451 34 645 862 623 1547 424 762 1242 492 585 1273 421 717 844 123 933 348 Spaces Moved 26449 | 53 1292 816 2392 548 2947 2251 269 1183 639 393 83 1511 1417 739 999 225 419 1037 708 672 1416 662 1070 895 157 1222 434 Core 1176 | 48 699 . . . 330 1 . . . . . . . . . . . . . . . . . . . . 98 Treads 2782 | 5 593 816 366 . . . . . . . . . 1 . 538 225 129 109 . . . . . . . . . Legs . | . . . . . . . . . . . . . . . . . . . . . . . . . . . . Wheels 5680 | . . . 2026 548 2617 . . . . . . . . . . . 290 199 . . . . . . . . . Hover 7867 | . . . . . . . . . . . . . . . . . . 729 708 672 1416 662 1070 895 157 1222 336 Flight 8944 | . . . . . . 2250 269 1183 639 393 83 1511 1416 739 461 . . . . . . . . . . . . Fastest Speed 24 | 50 50 160 100 195 50 32 34 34 34 34 34 34 24 70 66 166 155 44 44 44 41 46 35 35 35 31 36 Average Speed 80 | 61 126 160 143 206 140 32 34 34 34 34 34 34 37 70 135 166 158 79 44 48 44 46 45 45 44 42 49 Slowest Speed 295 | 160 200 160 295 210 195 200 34 34 34 34 95 95 170 70 170 170 166 185 44 110 119 46 46 46 46 119 150 Overloaded Moves 328 | . . . . . . . . . . . . . 22 . 38 . . . . . . . 70 54 25 71 48 Propulsion Burnouts 1 | . . . . . . . . . . . . . . . . . . . . . . . . . . . 1 Robots Hopped 25 | . . . . . . 12 . 6 . . . 2 5 . . . . . . . . . . . . . . Potential Cave-ins . | . . . . . . . . . . . . . . . . . . . . . . . . . . . . Cave-ins Triggered . | . . . . . . . . . . . . . . . . . . . . . . . . . . . . Exploration Rate (%) 69 | 4 99 99 82 98 94 64 95 50 78 54 71 97 38 94 95 63 56 24 87 80 90 93 30 88 6 90 33 Regions Visited 27 Branch Regions 19 Pre-discovered Areas 24 | . 1 1 1 4 7 1 . . 1 . 1 . . 2 . 3 1 . . 1 . . . . . . . Known Exits Taken 17 | . . . . . . . . 1 1 1 . 1 1 1 1 1 1 1 1 1 1 1 1 1 1 . . Unknown Exits Taken 8 | 1 1 1 1 1 1 . . . . . 1 . . . . . . . . . . . . . . 1 . Scrap Searched 34 | . . 1 4 . 8 . . . 3 1 . 2 . 3 3 . 1 . 2 2 . 4 . . . . . Spaces Dug 341 | . 8 . 17 . . 34 . 35 22 . . 10 22 4 21 . 4 25 2 6 9 33 31 9 6 20 23 Terrain Destroyed 793 | . 8 54 30 . . 34 . 38 22 16 . 84 27 4 53 . 49 72 2 6 38 98 57 17 23 28 33 Melee 183 | . . . 17 . . 34 . 35 5 . . 3 17 2 . . . 21 2 2 7 . 23 3 2 10 . Projectile 165 | . 8 . . . . . . . . . . . 8 2 11 . 5 15 . 4 15 13 15 14 4 18 33 AOE 445 | . . 54 13 . . . . 3 17 16 . 81 2 . 42 . 44 36 . . 16 85 19 . 17 . . Terrain Rammed . | . . . . . . . . . . . . . . . . . . . . . . . . . . . . Walls Destroyed . | . . . . . . . . . . . . . . . . . . . . . . . . . . . . Machines Disabled . | . . . . . . . . . . . . . . . . . . . . . . . . . . . . Actions | -11 -10 -10 -10 -9 -9 -6 -6 -6 -6 -6 -6 -5 -5 -5 -5 -5 -4 -4 -4 -4 -4 -3 -3 -3 -2 -2 -2 --------- Run | Yrd Mat Min Sub Rec Scr Fac Was Fac Low Low Dat Pro Fac Upp Upp Zhi Pro Fac Upp Upp War Pro Res Qua Res Tes Frg Total 33136 | 82 2540 1213 2874 606 3041 2770 385 1382 683 708 88 1619 1682 838 1149 270 501 1379 884 921 2014 758 1223 1277 186 1540 523 Wait 4680 | 13 1115 362 233 32 1 347 114 117 34 313 . 89 104 82 39 3 48 179 167 232 433 71 43 305 12 161 31 Move 26375 | 52 1291 815 2391 547 2946 2228 268 1170 638 392 82 1507 1406 738 998 224 418 1036 707 671 1415 661 1069 894 156 1221 434 Hop 23 | . . . . . . 11 . 6 . . . 1 5 . . . . . . . . . . . . . . Pick Up 241 | 5 17 9 46 . 46 30 . 3 1 . . . 16 1 6 7 1 20 1 . 12 2 7 4 1 4 2 Fast Attach 220 | 4 3 . 9 . 8 13 . 4 . 1 2 . 17 2 5 7 6 18 2 5 47 3 10 13 1 34 6 Attach 105 | 2 8 1 2 . 2 12 . . . . 1 . 19 5 9 6 1 11 . . 4 1 6 6 2 3 4 Detach 47 | 2 4 . . . 1 2 . . . . 1 . 11 4 7 1 . 1 . . 1 . 3 1 . 4 4 Swap 165 | . 9 3 21 2 8 17 1 11 2 . . 10 7 1 5 1 5 15 . . 4 4 10 11 1 16 1 Drop 362 | . 7 7 31 . 27 41 . 7 2 1 2 . 25 1 6 13 8 37 3 5 61 5 15 12 . 41 5 Fire 398 | 4 86 15 34 . . 2 . 6 1 1 . 8 28 1 28 . 6 21 . 3 30 11 26 23 7 21 36 Melee 424 | . . 1 61 18 2 66 2 58 5 . . 4 44 3 7 8 8 41 4 5 7 . 31 8 6 35 . Ram . | . . . . . . . . . . . . . . . . . . . . . . . . . . . . Kick . | . . . . . . . . . . . . . . . . . . . . . . . . . . . . Crush . | . . . . . . . . . . . . . . . . . . . . . . . . . . . . Escape Stasis 3 | . . . . . . . . . . . . . . . . . . . . . . . 3 . . . . Rewire 46 | . . . . 7 . . . . . . . . . . 39 . . . . . . . . . . . . Trap 44 | . . . 43 . . 1 . . . . . . . . . . . . . . . . . . . . . Miscellaneous 3 | . . . 3 . . . . . . . . . . . . . . . . . . . . . . . . Route ------- -11/Scrapyard -10/Materials (discovered 5 exits: [*Mat x3] / *Min / *Sub) -10/Mines (discovered 4 exits: [*Mat x2] / [*Exi] / *Sub) -10/Subcaves (discovered 2 exits: [*Mat] / *Rec) -9/Recycling (discovered 2 exits: [*Fac] / *Scr) -9/Scraptown (discovered 2 exits: *Fac x2) -6/Factory (discovered 6 exits: *Fac x4 / *Low x2) -6/Waste -6/Factory (discovered 2 exits: *Low x2) -6/Lower Caves -6/Lower Caves (discovered 2 exits: *Fac / *Dat) -6/Data Miner -5/Proximity Caves -5/Factory (discovered 8 exits: *Fac x4 / *Upp x2 / *Ext x2) -5/Upper Caves -5/Upper Caves (discovered 2 exits: *Fac / *Zhi) -5/Zhirov -4/Proximity Caves -4/Factory (discovered 3 exits: *Upp x2 / Arm) -4/Upper Caves (discovered 2 exits: *Upp / *War) -4/Upper Caves (discovered 2 exits: Res / *War) -4/Warlord -3/Proximity Caves -3/Research (discovered 5 exits: *Res x3 / *Qua x2) -3/Quarantine -2/Research (discovered 3 exits: Acc / *Tes x2) -2/Testing (discovered 3 exits: *Acc / [*Sec] / *Frg) -2/Protoforge History --------- Turn | Location | Event 2 | -11/Scrapyard | Discovered new exit (range 16) 73 | -11/Scrapyard | Entered Materials 151 | -10/Materials | Discovered new exit (range 10) 311 | -10/Materials | Build established: Mutant 478 | -10/Materials | Discovered new exit (range 14) 526 | -10/Materials | Discovered new exit (range 6) 1268 | -10/Materials | Discovered new exit (range 3) 2395 | -10/Materials | Discovered new exit (range 11) 3101 | -10/Materials | Entered Mines 3128 | -10/Mines | Learned Materials terminal intel 3168 | -10/Mines | Assembled infested the area 3202 | -10/Mines | Met 8R-AWN 3474 | -10/Mines | Met a Derelict shopkeep closing up shop 3944 | -10/Mines | Discovered new exit (range 3) 4057 | -10/Mines | Discovered new exit (range 7) 4064 | -10/Mines | Assisted by bots powering up and referring to "LRC-V3" 4372 | -10/Mines | Discovered new exit (range 8) 4645 | -10/Mines | Discovered new exit (range 5) 4832 | -10/Mines | Entered Subcaves 4832 | -10/Subcaves | Accompanied by 5 allies 4837 | -10/Subcaves | Led the pair of lost Derelicts to an unsafe place 4903 | -10/Subcaves | Discovered new exit (range 16) 5062 | -10/Subcaves | A swath of the cavern ceiling suddenly collapsed 5211 | -10/Subcaves | Disturbed a concealed Subdweller 5295 | -10/Subcaves | Core integrity fell below 50% 5649 | -10/Subcaves | Build established: Scavenger-Mutant 6187 | -10/Subcaves | Shifting Twisted Machinery released Battle Cannon 6207 | -10/Subcaves | Shifting Twisted Machinery released Battle Rifle 6305 | -10/Subcaves | Build established: Subdweller-Mutant 6430 | -10/Subcaves | Core integrity fell below 20% 6582 | -10/Subcaves | Shifting Twisted Machinery released Mak. Axe 6582 | -10/Subcaves | Shifting Twisted Machinery released Barrage Gun 6612 | -10/Subcaves | A Subdweller sparked back to life 6612 | -10/Subcaves | A Subdweller sparked back to life 6612 | -10/Subcaves | A Subdweller sparked back to life 6651 | -10/Subcaves | Discovered new exit (range 14) 6656 | -10/Subcaves | Found Prototype Device 6741 | -10/Subcaves | Visited Clippyterm 6744 | -10/Subcaves | Learned Research security intel 6839 | -10/Subcaves | Shifting Twisted Machinery released Battle Rifle 6844 | -10/Subcaves | Shifting Twisted Machinery released Sub. Power Source 6949 | -10/Subcaves | A swath of the cavern ceiling suddenly collapsed 7433 | -10/Subcaves | Visited 4L-MR0's lab 7437 | -10/Subcaves | Identified Power Bank 8045 | -10/Subcaves | Build established: Hauler-Mutant 8541 | -10/Subcaves | Found Flightbrick 8897 | -10/Subcaves | Entered Recycling 8898 | -9/Recycling | Joined Warlord attack on 0b10 via Recycling 9403 | -9/Recycling | Scanned before Scraplab entrance 9525 | -9/Recycling | Discovered new exit (range 16) 10064 | -9/Recycling | Discovered new exit (range 2) 10097 | -9/Recycling | Entered Scraptown 10097 | -9/Scraptown | Accompanied by 8 allies 10139 | -9/Scraptown | Build established: Commander-Mutant 10447 | -9/Scraptown | Discovered new exit (range 13) 10472 | -9/Scraptown | Scanned Subdweller tech in exchange for log data 10480 | -9/Scraptown | Learned location of 2 exits from Lower Caves 10482 | -9/Scraptown | Learned Factory emergency access door positions 10484 | -9/Scraptown | Learned location of Zion (-7) 10554 | -9/Scraptown | Heard Great Nut preacher, LISTEN AND RECITE! 10558 | -9/Scraptown | Received an X-ray algorithm 10565 | -9/Scraptown | Visited CR-KLE's Repair Center 10616 | -9/Scraptown | Visited Symbiants 10928 | -9/Scraptown | Visited Science Testing Area 10957 | -9/Scraptown | Visited Spacefarers 11080 | -9/Scraptown | Visited Bundlers 11164 | -9/Scraptown | Visited UFD Registry 11164 | -9/Scraptown | Registered with UFD as "Softhead" 11220 | -9/Scraptown | Visited Science Guys 11287 | -9/Scraptown | Visited LU-1G1's Boring Crew 11320 | -9/Scraptown | Visited Curators Association 11400 | -9/Scraptown | Delivered Scrap Shield to a Scientist 11630 | -9/Scraptown | Visited Analyses Database 11671 | -9/Scraptown | Visited Research Penetration Think Tank 11704 | -9/Scraptown | Visited Cartography Club 11739 | -9/Scraptown | Visited Scrapoid Research Area 11821 | -9/Scraptown | Visited Supply Room 11911 | -9/Scraptown | Discovered new exit (range 3) 11914 | -9/Scraptown | System corruption cleaned by C-Scrubber 12028 | -9/Scraptown | Learned location of Recycling (-9) 12028 | -9/Scraptown | Learned location of Lower Caves (-6) 12028 | -9/Scraptown | Learned location of Proximity Caves (-5) 12028 | -9/Scraptown | Learned 12 Materials zone layouts 12028 | -9/Scraptown | Learned 16 Factory zone layouts 12028 | -9/Scraptown | Learned 20 Factory zone layouts 12028 | -9/Scraptown | Learned 4 Access zone layouts 12028 | -9/Scraptown | Learned 8 Access zone layouts 12028 | -9/Scraptown | Learned 4 Mines zone layouts 12028 | -9/Scraptown | Learned 4 Storage zone layouts 12028 | -9/Scraptown | Learned 12 Lower Caves zone layouts 12028 | -9/Scraptown | Learned 20 Lower Caves zone layouts 12028 | -9/Scraptown | Learned location of 1 exit from Factory 12028 | -9/Scraptown | Learned location of 2 exits from Research 12028 | -9/Scraptown | Learned location of 1 exit from Proximity Caves 12128 | -9/Scraptown | Found Deep Structural Scanner 12475 | -9/Scraptown | Visited Cave Peace 13327 | -9/Scraptown | Visited CPS Storage 13492 | -9/Scraptown | CR-KLE repaired 5 parts 13765 | -9/Scraptown | Guru changed UFD alias to "Pyrobomber" 14059 | -9/Scraptown | Found Scrap Suit 14245 | -9/Scraptown | Met Optimus 14245 | -9/Scraptown | Accepted into 0bPrime 14330 | -9/Scraptown | Entered Factory 14330 | -6/Factory | Accompanied by 8 allies 14330 | -6/Factory | Evolved 8 slots: Power x1, Propulsion x4, Utility x3 14331 | -6/Factory | Identified exit to Factory 14331 | -6/Factory | Attached Flightbrick, gained temporary slots: Utility x3 14332 | -6/Factory | Identified exit to Lower Caves 14423 | -6/Factory | Lost 6 allies 14496 | -6/Factory | Loaded intel: 8 recycling unit locations 14528 | -6/Factory | Found Powered Armor 14568 | -6/Factory | Learned location of Protoforge (-2) 14690 | -6/Factory | Build established: Hacker-Sprinter 14941 | -6/Factory | Mak. System Shield fried by hacking feedback 15224 | -6/Factory | Discovered exit to Factory (range 15) 15301 | -6/Factory | Cargo convoy interrupted 15446 | -6/Factory | Fabricated Nuclear Pulse Thruster (x2) 15543 | -6/Factory | Spotted B-75 Beast 15660 | -6/Factory | Manually triggered Chute Trap 15660 | -6/Factory | Sucked down chute 15660 | -6/Factory | Entered Waste 15670 | -6/Waste | Spotted C-40 Crusher 15678 | -6/Waste | Spotted C-40 Crusher 15681 | -6/Waste | Spotted C-40 Crusher 15682 | -6/Waste | Spotted C-40 Crusher 15687 | -6/Waste | Spotted C-40 Crusher 15689 | -6/Waste | Warlord forces began an assault 15712 | -6/Waste | Allies destroyed C-40 Crusher 15715 | -6/Waste | Allies destroyed C-40 Crusher 15718 | -6/Waste | Spotted C-40 Crusher 15724 | -6/Waste | Allies destroyed C-40 Crusher 15732 | -6/Waste | Allies destroyed C-40 Crusher 15739 | -6/Waste | Build established: Hacker-Mutant 15763 | -6/Waste | Lost 6 allies 15807 | -6/Waste | Discovered new exit (range 12) 15872 | -6/Waste | Entered Factory 15872 | -6/Factory | Accompanied by 11 allies 16004 | -6/Factory | Loaded intel: 8 recycling unit locations 16118 | -6/Factory | Fabricated S-27 Virus? 16179 | -6/Factory | Lost 4 allies 16494 | -6/Factory | Spotted B-75 Beast 16551 | -6/Factory | Entered Lower Caves 16552 | -6/Lower Caves | Identified exit to Lower Caves 16553 | -6/Lower Caves | UFD Scientist delivered a prototype 16553 | -6/Lower Caves | Attracted the attention of an 0b10 checkpoint 16554 | -6/Lower Caves | Found Prototype Protection 16558 | -6/Lower Caves | Encountered a Warlord checkpoint 16662 | -6/Lower Caves | Learned Factory trap positions 16662 | -6/Lower Caves | Learned location of 1 exit from Factory 16810 | -6/Lower Caves | Build established: Mutant 16820 | -6/Lower Caves | Entered another Lower Caves area 16822 | -6/Lower Caves | Identified exit to Data Miner 16823 | -6/Lower Caves | Learned Factory stockpile data 16916 | -6/Lower Caves | Attracted the attention of an 0b10 outpost 17271 | -6/Lower Caves | Entered Data Miner 17271 | -6/Data Miner | Discovered new exit (range 6) 17278 | -6/Data Miner | Met Data Miner 17286 | -6/Data Miner | Learned location of Section 7 (-2) 17286 | -6/Data Miner | Acquired the access code to Warlord's prototype stash 17290 | -6/Data Miner | Received God Mode back door access code from Data Miner 17299 | -6/Data Miner | Identified Enh. Scrap Shield 17305 | -6/Data Miner | Entered Proximity Caves 17468 | -5/Proximity Caves | Learned Factory stockpile data 17641 | -5/Proximity Caves | Attracted the attention of an 0b10 base 17644 | -5/Proximity Caves | Learned location of 1 exit from Research 17644 | -5/Proximity Caves | Learned Extension trap positions 17644 | -5/Proximity Caves | Learned Armory trap positions 17950 | -5/Proximity Caves | Entered Factory 17950 | -5/Factory | Evolved 2 slots: Utility x2 17951 | -5/Factory | Identified exit to Upper Caves 17952 | -5/Factory | Identified exit to Factory 17953 | -5/Factory | Loaded intel: 82 trap records 18007 | -5/Factory | Identified exit to Extension 18126 | -5/Factory | Loaded intel: 8 recycling unit locations 18149 | -5/Factory | Incoming investigation squad redirected 18232 | -5/Factory | Incoming investigation squad redirected 18233 | -5/Factory | Discovered exit to Factory (range 11) 18285 | -5/Factory | Build established: Scout 18300 | -5/Factory | Incoming investigation squad redirected 18362 | -5/Factory | Fabricated Cld. VTOL Module? 18403 | -5/Factory | Lost 3 parts (1p1n1u) 18477 | -5/Factory | Lost 5 parts (2n2u1w) 18514 | -5/Factory | Spotted B-75 Beast 18602 | -5/Factory | Incoming investigation squad redirected 18707 | -5/Factory | Garrison activated, responded to threat 18812 | -5/Factory | Entered Upper Caves 18823 | -5/Upper Caves | Identified exit to Upper Caves 18860 | -5/Upper Caves | Encountered a Warlord checkpoint 19301 | -5/Upper Caves | Learned Factory terminal intel 19301 | -5/Upper Caves | Learned Research emergency access door positions 19435 | -5/Upper Caves | Entered another Upper Caves area 19442 | -5/Upper Caves | Discovered exit to Factory (range 11) 19618 | -5/Upper Caves | Attracted the attention of an 0b10 checkpoint 19954 | -5/Upper Caves | Attracted the attention of an 0b10 outpost 20305 | -5/Upper Caves | Build established: Mutant 20612 | -5/Upper Caves | Discovered new exit (range 8) 20980 | -5/Upper Caves | Identified exit to Zhirov 20982 | -5/Upper Caves | Entered Zhirov 20984 | -5/Zhirov | Discovered new exit (range 3) 21013 | -5/Zhirov | Met Zhirov 21045 | -5/Zhirov | Learned location of Quarantine (-3) 21045 | -5/Zhirov | Learned location of Command (-1) 21078 | -5/Zhirov | Zhirov requested help retrieving the SGEMP Prototype 21104 | -5/Zhirov | Found Alien Artifact 21104 | -5/Zhirov | Identified Integrated Reactor 21104 | -5/Zhirov | Installed Integrated Reactor, increased core energy generation (+10) 21238 | -5/Zhirov | Found Alien Artifact 21404 | -5/Zhirov | Identified exit to Proximity Caves 21406 | -5/Zhirov | Entered Proximity Caves 21691 | -4/Proximity Caves | Build established: Scavenger-Assassin 22116 | -4/Proximity Caves | Discovered exit to Factory (range 25) 22168 | -4/Proximity Caves | Entered Factory 22168 | -4/Factory | Evolved 2 slots: Utility x1, Weapon x1 22169 | -4/Factory | Identified exit to Upper Caves 22169 | -4/Factory | Identified exit to Armory 22171 | -4/Factory | Loaded intel: 26 terminal locations 22262 | -4/Factory | Discovered exit to Upper Caves (range 18) 22288 | -4/Factory | Identified Transdimensional Reconstructor 22475 | -4/Factory | Found Quantum Capacitor 22593 | -4/Factory | Loaded intel: 8 recycling unit locations 23193 | -4/Factory | Spotted B-86 Titan 23330 | -4/Factory | Build established: Scout 23410 | -4/Factory | Entered Upper Caves 23730 | -4/Upper Caves | Discovered new exit (range 15) 23741 | -4/Upper Caves | Encountered a Warlord checkpoint 23826 | -4/Upper Caves | A Derelict revealed a hidden shortcut to "reach the base" 23863 | -4/Upper Caves | Learned Research stockpile data 23902 | -4/Upper Caves | Identified exit to Upper Caves 23902 | -4/Upper Caves | Entered another Upper Caves area 23905 | -4/Upper Caves | Discovered new exit (range 20) 24006 | -4/Upper Caves | Learned location of 1 exit from Research 24400 | -4/Upper Caves | Discovered new exit (range 16) 24487 | -4/Upper Caves | Identified exit to Warlord 24487 | -4/Upper Caves | Entered Warlord 24621 | -4/Warlord | Opened Warlord's prototype stash 24645 | -4/Warlord | Found Prototype Device 24645 | -4/Warlord | Identified Exp. Focal Shield 24652 | -4/Warlord | Found Prototype Reactor 24652 | -4/Warlord | Identified Vortex Chain Reactor 24662 | -4/Warlord | Found Prototype Processor 24662 | -4/Warlord | Identified Exp. Target Analyzer 24665 | -4/Warlord | Found Prototype Hackware 24689 | -4/Warlord | Build established: Hacker-Scout 24718 | -4/Warlord | Received a Watcher feed algorithm from an ecstatic Tinkerer 24719 | -4/Warlord | Ran a Watcher feed algorithm 24774 | -4/Warlord | Warlord's base attacked by MAIN.C 24790 | -4/Warlord | Found Prototype Energy Gun 24790 | -4/Warlord | Identified Vortex Rail 24819 | -4/Warlord | Rebuked by Warlord 24943 | -4/Warlord | Lost 3 allies 25119 | -4/Warlord | Warlord forces counterattacked 25179 | -4/Warlord | Spotted Striker 25187 | -4/Warlord | Lost 5 allies 25210 | -4/Warlord | Spotted B-90 Cyclops 25220 | -4/Warlord | Spotted B-86 Titan 25229 | -4/Warlord | Build established: Hacker-Mutant 25290 | -4/Warlord | Lost 13 allies 25327 | -4/Warlord | Spotted Striker 25337 | -4/Warlord | Destroyed Striker 25349 | -4/Warlord | Spotted Executioner 25354 | -4/Warlord | Spotted Executioner 25389 | -4/Warlord | Lost 8 allies 25449 | -4/Warlord | Warlord base infiltrated, sounded retreat 25500 | -4/Warlord | Found Prototype Ballistic Cannon 25500 | -4/Warlord | Identified Hvy. Autocannon 25537 | -4/Warlord | Lost 3 allies 25630 | -4/Warlord | Found Prototype Launcher 25630 | -4/Warlord | Identified Chain Missile Launcher 25637 | -4/Warlord | Found Chain Missile Launcher 25664 | -4/Warlord | Spotted Striker 25693 | -4/Warlord | Spotted Striker 25704 | -4/Warlord | Spotted Striker 25707 | -4/Warlord | Spotted Executioner 25713 | -4/Warlord | Spotted Executioner 25734 | -4/Warlord | Discovered new exit (range 15) 25745 | -4/Warlord | Found Prototype Processor 25745 | -4/Warlord | Identified Exp. Core Analyzer 25755 | -4/Warlord | Identified exit to Proximity Caves 25760 | -4/Warlord | Entered Proximity Caves 25773 | -3/Proximity Caves | Lost 8 allies 25879 | -3/Proximity Caves | Spotted B-86 Titan 26004 | -3/Proximity Caves | Build established: Scavenger-Scout 26144 | -3/Proximity Caves | Discovered new exit (range 19) 26174 | -3/Proximity Caves | Identified exit to Research 26181 | -3/Proximity Caves | Entered Research 26181 | -3/Research | Evolved 2 slots: Utility x1, Weapon x1 26182 | -3/Research | Identified exit to Quarantine 26183 | -3/Research | Identified exit to Research 26242 | -3/Research | Spotted B-86 Titan 26248 | -3/Research | Identified System Mapper 26560 | -3/Research | Loaded intel: 5 recycling unit locations 26809 | -3/Research | Found Prototype Launcher 26809 | -3/Research | Identified Hellfire Missile Launcher 26883 | -3/Research | Incoming investigation squad redirected 26898 | -3/Research | Entered Quarantine 26995 | -3/Quarantine | Found Alien Artifact 26995 | -3/Quarantine | Identified Phase Redirector 27061 | -3/Quarantine | Build established: Hacker-Mutant 27077 | -3/Quarantine | Cryocooling Duct disabled 27085 | -3/Quarantine | Cryocooling Duct disabled 27092 | -3/Quarantine | Ambient heat levels rising (+20) 27092 | -3/Quarantine | Non-combat units ordered to evacuate 27100 | -3/Quarantine | Ambient heat levels rising (+20) 27100 | -3/Quarantine | Combat units ordered to evacuate 27200 | -3/Quarantine | Quarantine Guard activated 27215 | -3/Quarantine | Spotted Quarantine Guard 27222 | -3/Quarantine | Found Alien Reactor 27222 | -3/Quarantine | Identified Matter Drive 27251 | -3/Quarantine | Spotted Quarantine Guard 27251 | -3/Quarantine | Spotted Quarantine Guard 27251 | -3/Quarantine | Spotted Quarantine Guard 27296 | -3/Quarantine | Found Alien Artifact 27330 | -3/Quarantine | Met incapacitated Sigix Warrior 27330 | -3/Quarantine | Lockdown squad dispatched 27333 | -3/Quarantine | Acquired the access code to the Sigix quarantine chamber 27334 | -3/Quarantine | Unlocked Sigix quarantine chamber 27338 | -3/Quarantine | Found Sigix Containment Pod 27366 | -3/Quarantine | Identified Subatomic Replicator 27483 | -3/Quarantine | Spotted Quarantine Guard 27670 | -3/Quarantine | Repaired Cld. Antigrav System 27677 | -3/Quarantine | Discovered exit to Research (range 12) 27677 | -3/Quarantine | Spotted Quarantine Guard 27723 | -3/Quarantine | Found Alien Artifact 27723 | -3/Quarantine | Identified Dimensional Node Initializer 27723 | -3/Quarantine | Initialized slip node 27725 | -3/Quarantine | Found Dimensional Node Initializer 27731 | -3/Quarantine | Used Subatomic Replicator to create Alien Artifact 27742 | -3/Quarantine | Entered Research 27742 | -2/Research | Evolved 2 slots: Utility x2 27743 | -2/Research | Identified exit to Access 27751 | -2/Research | Identified exit to Testing 27763 | -2/Research | Adv. Hacking Suite fried by hacking feedback 27865 | -2/Research | Entered Testing 27918 | -2/Testing | Protovariant out of control (PY-OZKVG486NB) 27918 | -2/Testing | Unleashed a protovariant (PY-OZKVG486NB) 27942 | -2/Testing | Incoming assault squad redirected 27948 | -2/Testing | Found Prototype Device 27948 | -2/Testing | Identified Exp. Actuator Array 27972 | -2/Testing | Found Exp. Core Analyzer 27984 | -2/Testing | Found Exp. Core Analyzer 27991 | -2/Testing | Spotted Striker 28054 | -2/Testing | Found Prototype Energy Gun 28054 | -2/Testing | Identified Tachyon Dispersion Ray 28203 | -2/Testing | Found Prototype Device 28203 | -2/Testing | Identified AEGIS Remote Shield 28248 | -2/Testing | Found Prototype Ballistic Cannon 28248 | -2/Testing | Identified Perforator 28274 | -2/Testing | Build established: Hacker-Gunner 28411 | -2/Testing | Found Prototype Device 28411 | -2/Testing | Identified 2N-1CE's Frost Array 28583 | -2/Testing | Lost 4 parts (1n3u) 28636 | -2/Testing | Found Prototype Device 28636 | -2/Testing | Identified Exp. Shield Generator 28683 | -2/Testing | Spotted Fortress 28796 | -2/Testing | Discovered new exit (range 5) 28796 | -2/Testing | Discovered new exit (range 6) 28798 | -2/Testing | Entered Protoforge 28851 | -2/Protoforge | Superfortress began startup sequence 28892 | -2/Protoforge | Spotted B-90 Cyclops 28937 | -2/Protoforge | Spotted Hotshot 28937 | -2/Protoforge | Spotted Hotshot 28998 | -2/Protoforge | Spotted AP7-3 28998 | -2/Protoforge | Spotted Overlord 29007 | -2/Protoforge | Lost 9 parts (2p5n2w) 29089 | -2/Protoforge | Spotted AP7-3 29103 | -2/Protoforge | Core integrity fell below 50% 29105 | -2/Protoforge | Spotted EXE-6 29106 | -2/Protoforge | Spotted EXE-6 29110 | -2/Protoforge | Spotted SKR-2 29112 | -2/Protoforge | Spotted SKR-2 29112 | -2/Protoforge | Spotted SKR-2 29116 | -2/Protoforge | Core integrity fell below 20% 29140 | -2/Protoforge | Spotted EXE-6 29140 | -2/Protoforge | Spotted EXE-6 29146 | -2/Protoforge | Destroyed by SKR-2 with Compact Linear Accelerator Last Messages --------------- 29113_ Knocked back. 29113_ Penetrated by Slug. 29113_ Forge Pylon damaged. 29115_ System corrupted: Adv. Heat Sink fused. 29115_ Knocked back. 29115_ K-01 Serf cleans the Forge Plexus. 29115_ Acquired 9 matter. 29116_ Forge Plexus recovers N-04 Retriever. 29119_ FP Insight Station damaged. 29120_ Adv. Heat Sink destroyed. 29121_ O-16 Technician: "IFF HANDSHAKE FAILED. SECURING TERMINAL." 29131_ K-01 Serf cleans the Machine. 29135_ Adv. Hacking Suite destroyed. 29135_ Critical hit (Blast). 29137_ K-01 Serf cleans the Machine. 29139_ ALERT: Potential suspicious activity detected, Programmers report to Protoforge Zone 7H. 29143_ Knocked back. 29143_ Acquired 1 matter. 29145_ SP2